 Dungeon Crawl Stone Soup version 0.30-a0-1074-g5db6f66fbb (webtiles) character file.

Game seed: 15028445692922668236

127 NinjaNoafa the Firebug (level 5, -4/37 HPs)
             Began as a Gnoll Fire Elementalist on Apr 13, 2023.
             Slain by a goblin
             ... wielding a +0 club
             ... led by Robin
              (5 damage)
             ... on level 3 of the Dungeon.
             The game lasted 00:03:51 (1745 turns).

NinjaNoafa the Firebug (Gnoll Fire Elementalist)    Turns: 1745, Time: 00:03:51

Health: -4/37      AC:  2    Str:  8    XL:     5   Next: 11%
Magic:  2/12       EV: 13    Int: 16    God:
Gold:   85         SH:  0    Dex: 12    Spells: 11/14 levels left

rFire   . . .      SeeInvis .    j - +0 dagger (venom)
rCold   . . .      Faith    .    (no shield)
rNeg    . . .      Spirit   .    a - +0 robe
rPois   .          Reflect  .    (no helmet)
rElec   .          Rampage  .    (no cloak)
rCorr   .                        (no gloves)
Will    .....                    (no boots)
Stlth   +++                      (no amulet)
HPRegen 0.26/turn                (no ring)
MPRegen 0.13/turn                (no ring)

@: hasted, very quick
A: fangs 1, strong nose, distributed training
a: no special abilities


You were on level 3 of the Dungeon.
You visited 1 branch of the dungeon, and saw 3 of its levels.

You collected 85 gold pieces.

Inventory:

Hand Weapons
 j - a +0 dagger of venom (weapon)
Missiles
 h - 2 boomerangs
 i - 2 poisoned darts
Armour
 a - a +0 robe (worn)
Scrolls
 c - a scroll of teleportation {unknown}
 e - a scroll of magic mapping {unknown}
 f - 2 scrolls of identify {unknown}
 g - a scroll of poison {unknown}
Potions
 b - a potion of magic
 k - a potion of lignification {unknown}


   Skills:
 + Level 1.4 Fighting
 + Level 1.4 Short Blades
 + Level 1.4 Long Blades
 + Level 1.4 Axes
 + Level 1.4 Maces & Flails
 + Level 1.4 Polearms
 + Level 1.4 Staves
 + Level 1.4 Ranged Weapons
 + Level 1.4 Throwing
 + Level 1.4 Armour
 + Level 4.7 Dodging
 + Level 4.4 Stealth
 + Level 1.4 Shields
 + Level 1.4 Unarmed Combat
 + Level 5.2 Spellcasting
 + Level 2.3 Conjurations
 + Level 1.1 Hexes
 + Level 1.1 Summonings
 + Level 1.1 Necromancy
 + Level 1.1 Translocations
 + Level 1.1 Transmutations
 + Level 5.5 Fire Magic
 + Level 1.1 Ice Magic
 + Level 1.1 Air Magic
 + Level 1.1 Earth Magic
 + Level 1.1 Poison Magic
 + Level 1.6 Invocations
 + Level 1.4 Evocations


You had 11 spell levels left.
You knew the following spells:

 Your Spells              Type           Power      Damage    Failure   Level
a - Foxfire               Conj/Fire      64%        2x1d7     3%          1
b - Scorch                Fire           42%        2d7       2%          2

Your spell library contained the following spells:

 Spells                   Type           Power      Damage    Failure   Level
 Inner Flame              Hex/Fire       14%        N/A       12%         3
 Volatile Blastmotes      Fire/Tloc      28%        2d12      12%         3
 Ensorcelled Hibernation  Hex/Ice        14%        N/A       14%         2
 Dazzling Flash           Conj/Hex       18%        N/A       22%         3
 Portal Projectile        Hex/Tloc       14%        N/A       28%         3
 Spider Form              Tmut/Pois      7%         N/A       28%         3
 Tukima's Dance           Hex            7%         N/A       28%         3
 Flame Wave               Conj/Fire      16%        2d7       28%         4
 Anguish                  Hex/Necr       3%         N/A       67%         4
 Passage of Golubria      Tloc           7%         N/A       67%         4
 Metabolic Englaciation   Hex/Ice        3%         N/A       95%         5
 Yara's Violent Unravell  Hex/Tmut       3%         3d4       95%         5
 Spellforged Servitor     Conj/Summ      4%         N/A       100%        7


Dungeon Overview and Level Annotations

Branches:
Dungeon (3/15)

Altars:
Dithmenos

Shops:
D:2 *

Annotations:
D:3 Robin


Innate Abilities, Weirdness & Mutations

You have very sharp teeth.
Your uncanny sense of smell can sniff out nearby items.
Your experience applies equally to all skills.


Message History

You hit the goblin.
The goblin is poisoned.
You bite the goblin, but do no damage.
The goblin is heavily wounded.
You kill the goblin!
The goblin misses you. The hobgoblin hits you.
* * * LOW HITPOINT WARNING * * *
Robin throws the goblin at you!
* * * LOW HITPOINT WARNING * * *
You hit the goblin but do no damage.
The goblin is poisoned.
The goblin closely misses you.
The hobgoblin hits you but does no damage.
The goblin misses you.
You hit the goblin.
The goblin is moderately wounded.
You kill the goblin!
The goblin closely misses you. The hobgoblin hits you.
* * * LOW HITPOINT WARNING * * *
Things that are here:
a +0 dagger; a +0 club; a +0 sling The goblin attacks as you move away!
The goblin closely misses you. The goblin attacks as you move away!
The goblin closely misses you.
Casting: Foxfire (safe; 3% risk of failure)
Press: ? - help, Q - select action, (/) - cycle Dir - look around, f - activate You conjure some foxfire!
Unknown command.
Unknown command.
You miss the goblin.
The foxfire hits the hobgoblin.
You kill the hobgoblin!
The foxfire hits the goblin.
The goblin is moderately wounded.
The goblin hits you with a +0 club.
* * * LOW HITPOINT WARNING * * *
Unknown command.
The goblin hits you with a +0 club.
* * * LOW HITPOINT WARNING * * *
There is an open door here.
Unknown command.
It was a potion of haste.
You feel yourself speed up. The goblin hits you with a +0 club.
You die...

#...### ### .......# ....
.......# ### .... .......+
..#.....#
...g.g.#########.#.....#
.......##.§............#
.......§..######.##....# #
....§.))§.).g)ggg.+....+.#
.......§..#.####@##....#.#
......)##.#.# #..........#
.......##.#.#
#...)..†...#∆
.......##.#.###..........#
####......#.#.....<......#
#....###.#......#######
#.#.. .........# #.#...
#........# ∆ .........#


You could see Robin, a hobgoblin (strong) and 2 goblins.

Vanquished Creatures
  An orc wizard (D:3)
  3 adders
  2 worms
  2 dart slugs
  3 orcs (D:3)
  4 ball pythons
  4 endoplasms
  2 giant cockroaches
  6 hobgoblins
  4 jackals (D:1)
  4 quokkas
  8 bats
  4 frilled lizards
  6 goblins
  3 kobolds (D:1)
  3 rats
59 creatures vanquished.

Vanquished Creatures (others)
  95 foxfires
  5 plants (D:1)
100 creatures vanquished.

Grand Total: 159 creatures vanquished

Notes
Turn   | Place    | Note
-------+----------+-------------------------------------------
     0 | D:1      | NinjaNoafa the Gnoll Fire Elementalist began the quest for
                  | the Orb.
     0 | D:1      | Reached XP level 1. HP: 13/13 MP: 6/6
   174 | D:1      | Reached XP level 2. HP: 16/19 MP: 3/7
   237 | D:1      | Learned a level 2 spell: Scorch
   397 | D:1      | Got the Almanac of Amassed Beguiling
   551 | D:1      | Reached skill level 5 in Spellcasting
   551 | D:1      | Reached XP level 3. HP: 24/25 MP: 5/9
  1084 | D:2      | Reached skill level 1 in Invocations
  1187 | D:2      | Reached skill level 1 in Fighting
  1187 | D:2      | Reached skill level 1 in Short Blades
  1187 | D:2      | Reached skill level 1 in Long Blades
  1187 | D:2      | Reached skill level 1 in Axes
  1187 | D:2      | Reached skill level 1 in Maces & Flails
  1187 | D:2      | Reached skill level 1 in Polearms
  1187 | D:2      | Reached skill level 1 in Staves
  1187 | D:2      | Reached skill level 1 in Ranged Weapons
  1187 | D:2      | Reached skill level 1 in Throwing
  1187 | D:2      | Reached skill level 1 in Armour
  1187 | D:2      | Reached skill level 1 in Shields
  1187 | D:2      | Reached skill level 1 in Unarmed Combat
  1187 | D:2      | Reached skill level 1 in Evocations
  1236 | D:2      | Found a faded altar of an unknown god.
  1336 | D:2      | Found Gobirog's Assorted Antiques.
  1534 | D:2      | Reached XP level 4. HP: 32/32 MP: 7/11
  1682 | D:3      | Found a shadowy altar of Dithmenos.
  1701 | D:3      | Reached skill level 1 in Hexes
  1701 | D:3      | Reached skill level 1 in Summonings
  1701 | D:3      | Reached skill level 1 in Necromancy
  1701 | D:3      | Reached skill level 1 in Translocations
  1701 | D:3      | Reached skill level 1 in Transmutations
  1701 | D:3      | Reached skill level 1 in Ice Magic
  1701 | D:3      | Reached skill level 1 in Air Magic
  1701 | D:3      | Reached skill level 1 in Earth Magic
  1701 | D:3      | Reached skill level 1 in Poison Magic
  1715 | D:3      | Reached XP level 5. HP: 21/37 MP: 4/12
  1723 | D:3      | Noticed Robin
  1744 | D:3      | HP: 1/37 [goblin/+0 club[Robin] (5)]
  1745 | D:3      | Slain by a goblin

Illustrated notes

Levels and vault maps discovered:
D:1:      amcnicky_arrival_feature_with_door, layout_loops_corners,
          serial_forest, infiniplex_forest_lined_3,
          infiniplex_forest_straight_1, infiniplex_forest_clump_small,
          infiniplex_forest_corner_1, infiniplex_forest_lined_corner,
          infiniplex_forest_clump_long, columned_hall_lemuel
D:2:      layout_loops_ring, serial_shops, nicolae_shop_hallway_stairs,
          ebering_ecumenical_altar_box
D:3:      layout_basic, grunt_dithmenos_smoke, serial_shops, shop, uniq_robin,
          uniq_sigmund, uniq_crazy_yiuf_cottage

Skill      XL: |  1  2  3  4 |
---------------+-------------+-----
Conjurations   | 2 |  2.3
Spellcasting   | 5 |  5.2
Invocations    | 1 |  1.6
Fighting       | 1 |  1.4
Short Blades   | 1 |  1.4
Long Blades    | 1 |  1.4
Axes           | 1 |  1.4
Maces & Flails | 1 |  1.4
Polearms       | 1 |  1.4
Staves         | 1 |  1.4
Ranged Weapons | 1 |  1.4
Throwing       | 1 |  1.4
Armour         | 1 |  1.4
Shields        | 1 |  1.4
Unarmed Combat | 1 |  1.4
Evocations     | 1 |  1.4
Hexes          | 1 |  1.1
Summonings     | 1 |  1.1
Necromancy     | 1 |  1.1
Translocations | 1 |  1.1
Transmutations | 1 |  1.1
Ice Magic      | 1 |  1.1
Air Magic      | 1 |  1.1
Earth Magic    | 1 |  1.1
Poison Magic   | 1 |  1.1
Dodging        | |  4.7
Stealth        | |  4.4
Fire Magic     | |  5.5

Action                     |  1- 3 |  4- 6 || total
---------------------------+-------+-------++-------
  Melee: Dagger            |    27 |    20 ||    47
         Unarmed           |     1 |       ||     1
         Whip              |    22 |       ||    22
         Short sword       |    14 |     3 ||    17
         Bite              |     5 |     3 ||     8
   Cast: Foxfire           |    47 |    20 ||    67
         Scorch            |     8 |       ||     8
    Use: Potion            |       |     1 ||     1
 Armour: Robe              |    33 |     7 ||    40
  Dodge: Dodged            |    68 |    28 ||    96

Table legend: (Time is in decaauts)
 A = Elapsed time spent in this place.
 B = Non-inter-level travel time spent in this place.
 C = Inter-level travel time spent in this place.
 D = Time resting spent in this place.
 E = Time spent auto-exploring this place.
 F = Levels seen in this place.
 G = Mean time per level.
                   A        B        C        D        E       F      G
               +--------+--------+--------+--------+--------+-----+--------+
         Total |   1741 |   1672 |     69 |      0 |   1244 |   3 |  580.3 |
       Dungeon |   1741 |   1672 |     69 |      0 |   1244 |   3 |  580.3 |
               +--------+--------+--------+--------+--------+-----+--------+

Top non-repeatable levels by time:
     D:1: 1062 daAuts
     D:2: 589 daAuts
     D:3: 90 daAuts
